 Dungeon Crawl Stone Soup version 0.21.1-1-g345015f (webtiles) character file.

51 Kairos the Cudgeler (level 3, 26/27 HPs)
             Began as a Demonspawn Gladiator on Mar 26, 2018.
             Got out of the dungeon alive.
             The game lasted 00:01:40 (1138 turns).

Kairos the Cudgeler (Demonspawn Gladiator)          Turns: 1138, Time: 00:01:40

Health: 26/27      AC:  7    Str: 15    XL:     3   Next: 57%
Magic:  3/3        EV: 10    Int:  9    God:
Gold:   99         SH:  0    Dex: 14    Spells: 2/2 levels left

rFire    . . .     SeeInvis .   a - +0 flail
rCold    . . .     Gourm    .   (no shield)
rNeg     . . .     Faith    .   m - +0 scale mail (curse)
rPois    .         Spirit   .   c - +0 helmet
rElec    .         Reflect  .   (no cloak)
rCorr    .         Harm     .   (no gloves)
MR       .....                  (no boots)
Stlth    +.........             (no amulet)
HPRegen  0.09/turn              (no ring)
MPRegen  0.08/turn              (no ring)

@: no status effects
A: nightstalker 1, powered by death 1
a: no special abilities


You escaped.
You were hungry.

You visited 1 branch of the dungeon, and saw 2 of its levels.

You collected 99 gold pieces.

Inventory:

Hand Weapons
 a - a +0 flail (weapon)
Missiles
 d - 3 throwing nets (quivered)
Armour
 b - a +0 leather armour
 c - a +0 helmet (worn)
 e - a +0 ring mail
 m - a cursed +0 scale mail (worn)
Scrolls
 h - 2 scrolls of identify {unknown}
 i - a scroll of magic mapping {unknown}
 j - a scroll of teleportation {unknown}
 k - 2 scrolls of remove curse {unknown}
 l - a scroll of fog {unknown}
Potions
 g - a potion of heal wounds {unknown}
Comestibles
 f - 5 rations


   Skills:
 + Level 2.1 Fighting
 + Level 3.6 Maces & Flails
 + Level 1.9 Throwing
 + Level 0.1 Armour
 + Level 3.2 Dodging


You had 2 spell levels left.
You didn't know any spells.

Dungeon Overview and Level Annotations

Branches:
Dungeon (2/15)

Altars:
Ashenzari


Innate Abilities, Weirdness & Mutations

You are slightly more attuned to the shadows.
You regenerate a little health from kills.


Message History

No target in view!
Found 10 gold pieces.
You see here a glowing scale mail.
m - a glowing scale mail You start removing your armour.
You continue taking off your +0 ring mail. x4
You finish taking off your +0 ring mail.
You start putting on your armour.
You continue putting on your glowing scale mail. x5
You finish putting on your cursed +0 scale mail.
Oops, that feels deathly cold.
k - 2 scrolls labeled YMUATTAOWU (gained 1)
There is a stone staircase leading up here.
You climb upwards.
There is a stone staircase leading down here.
You see here a club.
There is an open door here.
There is a staircase leading out of the dungeon here.
Are you sure you want to leave the Dungeon?
This will make you lose the game!
You have escaped!

#.#####'#...#.#####.#..#
##....##.##..)...###.#..#
#.....##.###.........#..#
#.###.#...##...#.###.#..# #.#
#.#...##............# #.#
###...##..^......#.##
########..P..#####.......#
#######.###...........###.######
........+.....P.@.P.....'.#
#######.###...........#####
......>..#####..P..####
#######.## ##...##.# #.#
#...##.# #.# #...##.# #.#
##.###.# #.# #.# #.# ## #.###
##'# #.#


There were no monsters in sight!

Vanquished Creatures
  2 adders (D:2)
  A worm (D:2)
  2 dart slugs (D:1)
  A leopard gecko (D:1)
  A ball python (D:1)
  A giant cockroach (D:1)
  A goblin (D:1)
  5 hobgoblins (D:1)
  5 bats
  3 kobolds
  3 rats (D:1)
25 creatures vanquished.

Notes
Turn   | Place    | Note
-------+----------+-------------------------------------------
     0 | D:1      | Kairos the Demonspawn Gladiator began the quest for the Orb.
     0 | D:1      | Reached XP level 1. HP: 16/16 MP: 1/1
   127 | D:1      | Gained mutation: You regenerate a little health from kills. [demonic ancestry]
   127 | D:1      | Reached XP level 2. HP: 7/22 MP: 2/2
   509 | D:1      | Found a shattered altar of Ashenzari.
   931 | D:2      | Gained mutation: You are slightly more attuned to the shadows. [demonic ancestry]
   931 | D:2      | Reached XP level 3. HP: 16/27 MP: 3/3
  1138 | D:$      | Got out of the dungeon alive.

Skill      XL: |  1  2 |
---------------+-------+-----
Dodging        | 3 |  3.2
Maces & Flails | 3 |  3.6
Fighting       | |  2.1
Throwing       | |  1.9
Armour         | |  0.1

Action                   || total
-------------------------++-------
Melee: Flail             ||    95
 Stab: Sleeping          ||     1
Armor: Ring mail         ||    50
       Leather armour    ||     1
Dodge: Dodged            ||    92
